AoeStats
← Chaac1706

Arabia

503914672Analyzed
1v1 RM · 1mo ago on Sep 3, 2026· 52m 32s· 2 players
Game mode
Random Map
Map size
Tiny (2 player)
Population
200
Speed
Normal
Resources
Standard
Victory
Conquest
Starting age
Dark Age
Ending age
Imperial Age
RankedLock teamsTeams togetherTeam positionsShared explorationLock speedFull tech treeHidden civsTurbo modeCheats
Victory
Defeat
🇹🇼 Mongols · Taiwan
1164
+16
🇨🇴 Muisca · Colombia
1167
-16
likeOrange
5:59 Loom
8:42 Feudal Age
8:47 Man-at-Arms
10:12 Double-Bit Axe
16:45 Fletching
17:18 Padded Archer Armor
18:45 Wheelbarrow
22:38 Castle Age
20:31 Horse Collar
21:06 Gold Mining
22:41 Crossbowman
23:17 Bodkin Arrow
23:34 Bow Saw
26:21 Leather Archer Armor
27:21 Scale Barding Armor
27:39 Heavy Plow
28:23 Ballistics
31:07 Stone Mining
32:14 Chain Barding Armor
33:23 Forging
33:33 Town Watch
33:53 Husbandry
35:15 Iron Casting
39:02 Imperial Age
37:07 Hand Cart
37:24 Bloodlines
38:00 Town Patrol
38:56 Stone Shaft Mining
39:53 Thumb Ring
39:10 Arbalester
40:54 Chemistry
39:56 Bracer
41:15 Blast Furnace
41:16 Gold Shaft Mining
41:28 Conscription
41:09 Nomads
41:30 Murder Holes
42:23 Masonry
42:17 Elite Mangudai
45:19 Parthian Tactics
47:11 Heavy Cavalry Archer
48:21 Elite Steppe Lancer
48:22 Light Cavalry
49:40 Hoardings
49:48 Hussar
Chaac1706
10:57 Feudal Age
12:19 Loom
12:45 Double-Bit Axe
14:43 Wheelbarrow
17:21 Castle Age
23:48 Bow Saw
25:42 Town Watch
28:18 Padded Archer Armor
36:23 Elite Skirmisher
37:53 Thumb Ring
38:39 Horse Collar
39:21 Fletching
39:50 Crossbowman
40:45 Bodkin Arrow
41:30 Leather Archer Armor
42:35 Hand Cart
42:20 Town Patrol
46:40 Imperial Age
45:29 Ballistics
49:21 Imperial Age
50:59 Conscription
50:48 Bracer
53:08 Two-Man Saw
52:09 Heavy Plow
Connection lost

Rejoining the realm…

Still unreachable

The connection could not be restored.

Session expired

The server has moved on; the page needs a fresh start.